 Dungeon Crawl Stone Soup version 0.29.0-4-gdea44cf6ec (webtiles) character file.

Game seed: 10949205669569900176

41023 qw the Severer (level 13, -9/124 HPs)
             Began as a Minotaur Berserker on Sept 7, 2022.
             Was an Elder of Trog.
             Mangled by a yak (11 damage)
             ... on level 5 of the Lair of Beasts.
             The game lasted 00:05:45 (17150 turns).

qw the Severer (Minotaur Berserker)                Turns: 17150, Time: 00:05:45

Health: -9/124     AC: 23    Str: 32    XL:     13   Next: 77%
Magic:  12/12      EV: 10    Int:  8    God:    Trog [****..]
Gold:   807        SH: 12    Dex: 10    Spells: 12/12 levels left

rFire   . . .      SeeInvis .   a - +7 broad axe "Pioxum" {vorpal, +Blink Will- Str+5}
rCold   + . .      Faith    .   b - +0 kite shield
rNeg    . . .      Spirit   .   h - +0 chain mail of Yesterday {rC+ Slay+5}
rPois   .          Reflect  .   (helmet restricted)
rElec   .          Harm     .   s - +0 cloak of Moeryucvewk {Rampage Int+4}
rCorr   .          Rampage  +   l - +1 pair of gloves
Will    .....                   f - +0 pair of boots
Stlth   ..........              (no amulet)
HPRegen 0.30/turn               d - +4 ring of protection
MPRegen 0.13/turn               p - +4 ring of slaying {mikee}

@: about to teleport, on berserk cooldown, slowed, very slow
A: horns 2, retaliatory headbutt, iridescent scales 1, strong-willed 1
a: Renounce Religion, Evoke Blink, Berserk, Trog's Hand, Brothers in Arms


You were on level 5 of the Lair of Beasts.
You worshipped Trog.
Trog was greatly pleased with you.
You visited 2 branches of the dungeon, and saw 14 of its levels.
You also visited: Sewer.

You collected 1162 gold pieces.
You spent 355 gold pieces at shops.


Innate Abilities, Weirdness & Mutations

You have a pair of horns on your head.
You reflexively headbutt those who attack you in melee.
You are partially covered in iridescent scales. (AC +2)
You are strong-willed. (Will+)


   Skills:
 - Level 14.1 Fighting
 + Level 16.6 Axes
 - Level 4.2 Throwing
 - Level 11.0 Armour
 - Level 6.2 Dodging
 - Level 14.0 Shields


You had 12 spell levels left.
You didn't know any spells.
Your spell library was empty.

Inventory:

Hand Weapons
 a - the +7 broad axe "Pioxum" (weapon) {vorpal, +Blink Will- Str+5}
   (You acquired it on level 4 of the Lair of Beasts)

   It inflicts extra damage upon your enemies.
   Str:       It affects your strength (+5).
   +Blink:    It lets you blink.
   Will:      It decreases your willpower.
 k - a +2 vampiric war axe
 t - the +2 morningstar "Zumixiyrhi" {flame, rC+ Str+4 Dex-5 SInv}
   (You found it on level 1 of the Lair of Beasts)

   It burns those it strikes, dealing additional fire damage.
   Str:       It affects your strength (+4).
   Dex:       It affects your dexterity (-5).
   rC:        It protects you from cold.
   SInv:      It lets you see invisible.
Missiles
 g - 2 boomerangs
 r - 5 javelins (quivered)
Armour
 b - a +0 kite shield (worn)
 f - a +0 pair of boots (worn)
 h - the +0 chain mail of Yesterday (worn) {rC+ Slay+5}
   (You found it on level 7 of the Dungeon)

   Slay:      It affects your accuracy & damage with ranged weapons and melee
   (+5).
   rC:        It protects you from cold.
 l - a +1 pair of gloves (worn)
 s - the +0 cloak of Moeryucvewk (worn) {Rampage Int+4}
   (You acquired it on level 4 of the Lair of Beasts)

   Int:       It affects your intelligence (+4).
   Rampage:   It bestows one free step when moving towards enemies.
Jewellery
 d - a +4 ring of protection (left hand)
 p - a +4 ring of slaying (right hand) {mikee}
Scrolls
 m - 13 scrolls of identify
 q - 7 scrolls of teleportation
Potions
 c - 2 potions of mutation
 e - 3 potions of might
 i - 14 potions of curing
 n - 2 potions of haste
 o - 2 potions of resistance

Dungeon Overview and Level Annotations

Branches:
Dungeon (9/15)             Temple (0/1) D:6            Lair (5/5) D:9
  Swamp (0/4) Lair:2        Snake (0/4) Lair:2        Sewer (visited)
  Slime: Lair:4-5       Orc: D:9-12

Altars:
Hepliaklqana
Makhleb
Nemelex Xobeh
Qazlal
Ru
Trog
Wu Jian
Yredelemnul
The Shining One

Shops:
D:2 [   D:7 :   D:9 (!:*

Annotations:
D:4 4 runed translucent doors, Crazy Yiuf; qw's ghost, amateur GrFi


Message History

The water moccasin bites you but does no damage.
You slice the water moccasin!!
You kill the water moccasin!
Trog accepts your kill.
You slash the fungus!
Your surroundings suddenly seem different.
A water moccasin and 4 yaks come into view.
Found 14 gold pieces and a scroll of immolation.
The water moccasin hisses angrily.
The yak bellows! x2
A water moccasin comes into view.
You hear two shouts!
Enter note:
Enter note: Throw: 6 javelins
Press: ? - help, Q - select action, (/) - cycle Shift-Dir - straight line, f - yak You throw a javelin.
The water moccasin hisses angrily.
The javelin pierces through the yak!!
The yak is heavily wounded.
The javelin pierces through the yak!
The yak is moderately wounded.
A wyvern comes into view.
A cane toad comes into view.
A five-headed hydra comes into view.
The cane toad moves out of view.
17149 ||| READING 8 scrolls of teleportation.
As you read the scroll of teleportation, it crumbles to dust.
You feel strangely unstable.
A yak comes into view.
The yak closely misses you. You furiously retaliate!
You headbutt the yak!!
You kill the yak!
Trog accepts your kill.
The yak bellows!
You slash the yak! You headbutt the yak.
The yak is almost dead.
You slice the water moccasin!!
You kill the water moccasin!
Trog accepts your kill.
You hit the yak. The yak gores you! x2
You die...

...............
....^..........
...............
...............
...............
...............
........S......
.......@Yl..D..
....$...Y...Y..
#..............
#...?.....Y....
#..............
#..............
P..............
P.............(


You could see a five-headed hydra, 4 yaks, a water moccasin and a wyvern.

Vanquished Creatures
  Nessos (Lair:4)
  A boulder beetle (Lair:3)
  5 hydras
  2 two-headed ogres
  Erica (Lair:1)
  6 death yaks
  Nergalle (Lair:2)
  An ugly thing (D:6)
  5 elephants
  4 black mambas
  8 cane toads
  Maggie (D:7)
  A torpor snail (Lair:3)
  5 rime drakes
  3 komodo dragons
  A troll (D:6)
  5 blink frogs (Lair:4)
  11 dream sheep
  Sigmund (D:5)
  Eustachio (D:3)
  62 yaks
  3 humans (Lair:4)
  3 wyverns
  7 basilisks
  4 steam dragons
  Menkaure (D:5)
  Edmund (D:6)
  4 nagas (Lair:2)
  Duvessa (D:6)
  11 water moccasins
  A sky beast (D:6)
  An ice beast (D:8)
  3 orc warriors (D:9)
  5 black bears
  2 centaurs
  3 wolves
  A phantom (D:4)
  9 bullfrogs
  2 kobold brigands
  3 gnoll sergeants
  A scorpion (D:9)
  Blork the orc (D:4)
  3 necrophages
  4 wights (D:9)
  Dowan (D:6)
  19 killer bees
  An electric eel (Lair:4)
  2 howler monkeys
  3 orc priests
  3 jellies
  A hound (D:5)
  Ijyb (D:4)
  3 iguanas
  9 orc wizards
  25 gnolls
  7 adders
  6 river rats
  3 shadow imps
  A white imp (D:7)
  An ufetubus (D:7)
  3 worms
  3 dart slugs (D:1)
  35 orcs
  7 endoplasms
  A giant cockroach (D:1)
  9 goblins
  7 hobgoblins
  8 jackals
  2 quokkas
  9 ball pythons
  7 bats
  3 frilled lizards
  18 kobolds
  11 rats
409 creatures vanquished.

Vanquished Creatures (collateral kills)
  2 hydras (Lair:5)
  3 wolves (Lair:5)
5 creatures vanquished.

Vanquished Creatures (others)
  33 fungi
  36 plants
69 creatures vanquished.

Grand Total: 483 creatures vanquished

Notes
Turn   | Place    | Note
-------+----------+-------------------------------------------
     0 | D:1      | qw the Minotaur Berserker began the quest for the Orb.
     0 | D:1      | Reached XP level 1. HP: 19/19 MP: 0/0
     0 | D:1      | 0 ||| qw: Version: 0.1-a-108-g9e35731
     0 | D:1      | 0 ||| qw: Game counter: 6555
     0 | D:1      | 0 ||| qw: Always use a shield: true
     0 | D:1      | 0 ||| qw: Do Orc after D:15 true
     0 | D:1      | 0 ||| qw: Do second Lair branch before Depths: true
     0 | D:1      | 0 ||| qw: Lair rune preference: random
     0 | D:1      | 0 ||| qw: Plans: Normal
     0 | D:1      | 0 ||| PLANNING D:1-11
   159 | D:1      | Reached skill level 4 in Axes
   202 | D:1      | Reached XP level 2. HP: 24/26 MP: 1/1
   652 | D:1      | 652 ||| DROPPING +0 club.
   910 | D:1      | Reached skill level 5 in Axes
  1092 | D:1      | 1092 ||| UPGRADING to +0 leather armour.
  1102 | D:1      | 1102 ||| DROPPING +0 animal skin.
  1103 | D:1      | 1103 ||| UPGRADING to +0 scale mail.
  1113 | D:1      | 1113 ||| DROPPING +0 leather armour.
  1114 | D:1      | 1114 ||| UPGRADING to +0 pair of gloves.
  1119 | D:1      | 1119 ||| UPGRADING to +4 ring of protection.
  1120 | D:1      | 1120 ||| READING scroll labelled ZON IDATIOT.
  1121 | D:1      | 1121 ||| READING scroll labelled BAGEUGH TODEWKE.
  1121 | D:1      | Identified a scroll of acquirement
  1121 | D:1      | 1121 ||| ACQUIRING +1 buckler of poison resistance
  1121 | D:1      | Acquired a +1 buckler of poison resistance
  1123 | D:1      | 1123 ||| UPGRADING to +1 buckler of poison resistance.
  1128 | D:1      | 1128 ||| READING scroll labelled PYCLUKESUO.
  1274 | D:2      | Found Tuhesakk's Antique Armour Emporium.
  1299 | D:2      | Reached XP level 3. HP: 29/31 MP: 2/2
  1326 | D:2      | Reached ** piety under Trog
  1378 | D:2      | Found a faded altar of an unknown god.
  1380 | D:2      | Reached skill level 1 in Shields
  1395 | D:2      | 1395 ||| SHOPLISTING dazzling tower shield (228 gold, have
                  | 105).
  1395 | D:2      | 1395 ||| SHOPLISTING embroidered scarf (192 gold, have
                  | 105).
  1556 | D:2      | 1556 ||| Stepping ~*~*~tactically~*~*~ (stealth).
  1826 | D:2      | 1826 ||| READING scroll labelled KESHEYRIRGHU.
  1827 | D:2      | 1827 ||| DRINKING 2 glowing golden potions.
  1828 | D:2      | 1828 ||| DRINKING 2 glowing white potions.
  1929 | D:2      | 1929 ||| DRINKING 2 bubbling pink potions.
  1930 | D:2      | 1930 ||| DROPPING potion of magic.
  1931 | D:2      | 1931 ||| DROPPING potion of ambrosia.
  2368 | D:3      | Reached XP level 4. HP: 39/39 MP: 3/3
  2406 | D:3      | 2406 ||| Stepping ~*~*~tactically~*~*~ (hiding).
  2412 | D:3      | 2412 ||| INVOKING Berserk.
  2673 | D:3      | Reached skill level 6 in Axes
  2789 | D:3      | Found a stormy altar of Qazlal.
  3011 | D:3      | 3011 ||| UPGRADING to +0 pair of boots.
  3016 | D:3      | 3016 ||| UPGRADING to +0 plate armour.
  3026 | D:3      | 3026 ||| DROPPING +0 scale mail.
  3027 | D:3      | 3027 ||| READING 2 scrolls labelled WIRUID WISCHON.
  3030 | D:3      | 3030 ||| READING 2 scrolls labelled NIWARO NYENLYD.
  3031 | D:3      | 3031 ||| DROPPING scroll of vulnerability.
  3035 | D:4      | 3035 ||| STAIRDANCE
  3041 | D:4      | 3041 ||| STAIRDANCE
  3041 | D:4      | Noticed Blork the orc
  3041 | D:4      | Noticed Eustachio
  3043 | D:3      | 3043 ||| INVOKING Berserk.
  3115 | D:4      | 3115 ||| STAIRDANCE
  3117 | D:3      | 3117 ||| INVOKING Berserk.
  3132 | D:3      | Killed Eustachio
  3133 | D:3      | Reached XP level 5. HP: 40/45 MP: 4/4
  3133 | D:3      | Reached XP level 6. HP: 45/51 MP: 5/5
  3259 | D:3      | 3259 ||| DROPPING +0 mace.
  3263 | D:4      | 3263 ||| STAIRDANCE
  3265 | D:3      | 3265 ||| INVOKING Berserk.
  3389 | D:4      | 3389 ||| INVOKING Berserk.
  3393 | D:4      | Killed Blork the orc
  3394 | D:4      | 3394 ||| STAIRDANCE
  3423 | D:4      | Noticed Ijyb
  3424 | D:4      | 3424 ||| INVOKING Berserk.
  3436 | D:4      | Killed Ijyb
  3453 | D:4      | HP: 11/51 [adder (2)]
  3454 | D:4      | 3454 ||| READING scroll of teleportation.
  3462 | D:4      | 3462 ||| INVOKING Berserk.
  3470 | D:4      | HP: 18/76 [frozen (2)]
  3472 | D:4      | Reached skill level 7 in Axes
  3475 | D:4      | 3475 ||| FLEEEEING.
  3477 | D:4      | 3477 ||| STAIRDANCE
  3695 | D:4      | 3695 ||| INVOKING Berserk.
  3719 | D:4      | 3719 ||| FLEEEEING.
  3720 | D:4      | 3720 ||| FLEEEEING.
  3720 | D:4      | Found a runed translucent gate.
  3720 | D:4      | Found a runed translucent gate.
  3720 | D:4      | Found a runed translucent gate.
  3721 | D:4      | 3721 ||| FLEEEEING.
  3722 | D:4      | 3722 ||| STAIRDANCE
  3754 | D:4      | 3754 ||| STAIRDANCE
  3783 | D:4      | 3783 ||| STAIRDANCE
  3861 | D:4      | Noticed qw's ghost (amateur GrFi)
  3892 | D:4      | 3892 ||| Stepping ~*~*~tactically~*~*~ (stealth).
  3917 | D:4      | Reached XP level 7. HP: 60/60 MP: 6/6
  3933 | D:4      | 3933 ||| SWAPPING to +0 war axe.
  3934 | D:4      | 3934 ||| DROPPING +0 hand axe.
  3955 | D:4      | Found a runed translucent door.
  3956 | D:4      | Noticed Crazy Yiuf
  4014 | D:4      | Found a sacrificial altar of Ru.
  4015 | D:4      | 4015 ||| Stepping ~*~*~tactically~*~*~ (stealth).
  4018 | D:4      | 4018 ||| Stepping ~*~*~tactically~*~*~ (stealth).
  4149 | D:4      | Reached *** piety under Trog
  4286 | D:4      | 4286 ||| READING scroll labelled WAMAIT DUGRAX.
  4287 | D:4      | 4287 ||| READING scroll labelled MISCHA RUPSOOGRE.
  4288 | D:4      | 4288 ||| READING scroll labelled ETAROM HUCH.
  4289 | D:4      | 4289 ||| DRINKING 2 black potions.
  4290 | D:4      | 4290 ||| DROPPING potion of attraction.
  4311 | D:5      | Entered Level 5 of the Dungeon
  4312 | D:5      | 4312 ||| PLANNING SEWER
  4346 | D:5      | Reached skill level 8 in Axes
  4478 | D:5      | Found a glowing drain.
  4490 | D:5      | 4490 ||| DRINKING 2 green potions.
  4491 | D:5      | 4491 ||| DROPPING potion of invisibility.
  4497 | Sewer    | Entered a sewer
  4603 | Sewer    | 4603 ||| Stepping ~*~*~tactically~*~*~ (water).
  4612 | Sewer    | Reached skill level 9 in Axes
  4644 | Sewer    | Found a white marble altar of Elyvilon.
  4744 | D:5      | 4744 ||| PLANNING D:1-11
  4814 | D:5      | Reached skill level 3 in Shields
  4898 | D:5      | Noticed a two-headed ogre
  4904 | D:5      | 4904 ||| INVOKING Berserk.
  4907 | D:5      | Killed a two-headed ogre
  4908 | D:5      | Reached XP level 8. HP: 75/75 MP: 7/7
  4973 | D:5      | Noticed Menkaure
  4974 | D:5      | 4974 ||| FLEEEEING.
  4980 | D:5      | 4980 ||| STAIRDANCE
  5280 | D:5      | 5280 ||| Stepping ~*~*~tactically~*~*~ (stealth).
  5289 | D:5      | 5289 ||| Stepping ~*~*~tactically~*~*~ (hiding).
  5294 | D:5      | 5294 ||| INVOKING Berserk.
  5299 | D:5      | Killed Menkaure
  5300 | D:5      | Reached skill level 10 in Axes
  5533 | D:5      | Noticed Sigmund
  5534 | D:5      | 5534 ||| Stepping ~*~*~tactically~*~*~ (hiding).
  5535 | D:5      | 5535 ||| Stepping ~*~*~tactically~*~*~ (hiding).
  5536 | D:5      | 5536 ||| Stepping ~*~*~tactically~*~*~ (hiding).
  5537 | D:5      | 5537 ||| Stepping ~*~*~tactically~*~*~ (hiding).
  5543 | D:5      | 5543 ||| INVOKING Berserk.
  5547 | D:5      | Killed Sigmund
  5792 | D:5      | 5792 ||| READING 2 scrolls of identify.
  5792 | D:5      | 5792 ||| IDENTIFYING yellow potion
  5793 | D:5      | 5793 ||| DROPPING potion of brilliance.
  5810 | D:5      | Reached XP level 9. HP: 79/82 MP: 8/8
  5818 | D:5      | Reached skill level 11 in Axes
  5950 | D:6      | 5950 ||| INVOKING Berserk.
  6097 | D:6      | Noticed Dowan
  6098 | D:6      | 6098 ||| INVOKING Berserk.
  6098 | D:6      | Noticed Duvessa
  6103 | D:6      | Killed Dowan
  6110 | D:6      | Killed Duvessa
  6280 | D:6      | 6280 ||| INVOKING Berserk.
  6470 | D:6      | Reached **** piety under Trog
  6544 | D:6      | 6544 ||| Stepping ~*~*~tactically~*~*~ (stealth).
  6548 | D:6      | 6548 ||| INVOKING Berserk.
  6698 | D:6      | 6698 ||| INVOKING Berserk.
  6818 | D:6      | Found a staircase to the Ecumenical Temple.
  6849 | D:6      | Reached skill level 12 in Axes
  6910 | D:6      | Noticed a troll
  6913 | D:6      | 6913 ||| INVOKING Berserk.
  6919 | D:6      | Killed a troll
  6920 | D:6      | Reached skill level 6 in Armour
  6935 | D:6      | Noticed a brown ugly thing
  6936 | D:6      | 6936 ||| Stepping ~*~*~tactically~*~*~ (stealth).
  6956 | D:6      | 6956 ||| FLEEEEING.
  6957 | D:6      | 6957 ||| FLEEEEING.
  6958 | D:6      | 6958 ||| FLEEEEING.
  6959 | D:6      | 6959 ||| FLEEEEING.
  6960 | D:6      | 6960 ||| FLEEEEING.
  6961 | D:6      | 6961 ||| FLEEEEING.
  6962 | D:6      | 6962 ||| FLEEEEING.
  6963 | D:6      | 6963 ||| FLEEEEING.
  6967 | D:6      | 6967 ||| FLEEEEING.
  6968 | D:6      | 6968 ||| FLEEEEING.
  6970 | D:6      | 6970 ||| FLEEEEING.
  6979 | D:6      | Killed a brown ugly thing
  6980 | D:6      | Reached skill level 13 in Axes
  7206 | D:6      | Noticed Edmund
  7211 | D:6      | 7211 ||| INVOKING Berserk.
  7215 | D:6      | Killed Edmund
  7322 | D:6      | 7322 ||| DROPPING +0 flail.
  7465 | D:6      | 7465 ||| DROPPING +2 mace of protection.
  7538 | D:6      | Found a hazy altar of Hepliaklqana.
  7602 | D:6      | 7602 ||| READING scroll labelled ZOKKUG OSIPS.
  7603 | D:6      | 7603 ||| DRINKING 2 bubbling clear potions.
  7603 | D:6      | Gained mutation: You are strong-willed. (Will+) [potion of
                  | mutation]
  7603 | D:6      | Gained mutation: You are partially covered in iridescent
                  | scales. (AC +2) [potion of mutation]
  7604 | D:6      | 7604 ||| READING 2 scrolls of identify.
  7604 | D:6      | 7604 ||| IDENTIFYING metallic silvery potion
  7605 | D:6      | 7605 ||| DROPPING potion of lignification.
  7619 | D:7      | 7619 ||| STAIRDANCE
  7709 | D:6      | 7709 ||| UPGRADING to +0 kite shield.
  7719 | D:6      | 7719 ||| DROPPING +1 buckler of poison resistance.
  7723 | D:7      | 7723 ||| STAIRDANCE
  7736 | D:7      | 7736 ||| STAIRDANCE
  7746 | D:7      | Noticed Maggie
  7750 | D:7      | Reached XP level 10. HP: 90/90 MP: 9/9
  7750 | D:7      | 7750 ||| Stepping ~*~*~tactically~*~*~ (hiding).
  7763 | D:7      | Killed Maggie
  7796 | D:7      | 7796 ||| INVOKING Berserk.
  7799 | D:7      | Reached skill level 6 in Shields
  8007 | D:7      | 8007 ||| FLEEEEING.
  8008 | D:7      | 8008 ||| FLEEEEING.
  8010 | D:7      | 8010 ||| FLEEEEING.
  8012 | D:7      | 8012 ||| Stepping ~*~*~tactically~*~*~ (hiding).
  8021 | D:7      | 8021 ||| FLEEEEING.
  8022 | D:7      | 8022 ||| FLEEEEING.
  8326 | D:7      | Found Arotew's Book Boutique.
  8387 | D:7      | 8387 ||| Stepping ~*~*~tactically~*~*~ (hiding).
  8433 | D:7      | Found a sparkling altar of Nemelex Xobeh.
  8434 | D:7      | Found an ornate altar of the Wu Jian Council.
  8434 | D:7      | Found a basalt altar of Yredelemnul.
  8485 | D:7      | Identified the +0 chain mail of Yesterday {rC+ Slay+5}
  8528 | D:7      | Reached skill level 1 in Throwing
  8811 | D:7      | 8811 ||| Stepping ~*~*~tactically~*~*~ (stealth).
  9044 | D:7      | 9044 ||| UPGRADING to +0 chain mail of Yesterday {rC+
                  | Slay+5}.
  9054 | D:7      | 9054 ||| DROPPING +0 plate armour.
  9055 | D:7      | 9055 ||| READING 5 scrolls of identify.
  9055 | D:7      | 9055 ||| IDENTIFYING lumpy pink potion
  9056 | D:7      | 9056 ||| DROPPING potion of degeneration.
  9104 | D:8      | 9104 ||| Stepping ~*~*~tactically~*~*~ (stealth).
  9202 | D:8      | 9202 ||| Stepping ~*~*~tactically~*~*~ (stealth).
  9207 | D:8      | 9207 ||| Stepping ~*~*~tactically~*~*~ (stealth).
  9215 | D:8      | 9215 ||| INVOKING Berserk.
  9463 | D:8      | 9463 ||| SWAPPING to +0 vampiric war axe.
  9464 | D:8      | 9464 ||| DROPPING +1 war axe.
  9480 | D:8      | 9480 ||| Stepping ~*~*~tactically~*~*~ (cloud).
  9483 | D:8      | 9483 ||| INVOKING Berserk.
  9628 | D:8      | Found a burning altar of Makhleb.
  9650 | D:8      | Found a bloodstained altar of Trog.
  9856 | D:8      | 9856 ||| UPGRADING to +6 ring of strength.
  9898 | D:9      | 9898 ||| INVOKING Berserk.
  9903 | D:9      | Reached skill level 9 in Shields
 10027 | D:9      | Found a glowing golden altar of the Shining One.
 10070 | D:9      | 10070 ||| Stepping ~*~*~tactically~*~*~ (stealth).
 10072 | D:9      | 10072 ||| Stepping ~*~*~tactically~*~*~ (hiding).
 10078 | D:9      | 10078 ||| Stepping ~*~*~tactically~*~*~ (hiding).
 10083 | D:9      | 10083 ||| INVOKING Berserk.
 10200 | D:9      | 10200 ||| DROPPING +2 vorpal flail.
 10203 | D:9      | Found Seweg's General Store.
 10206 | D:9      | 10206 ||| BUYING scroll of enchant armour (75 gold).
 10206 | D:9      | Bought a scroll of enchant armour for 75 gold pieces
 10206 | D:9      | 10206 ||| BUYING scroll of identify (20 gold).
 10206 | D:9      | Bought a scroll of identify for 20 gold pieces
 10206 | D:9      | 10206 ||| READING scroll of enchant armour.
 10206 | D:9      | 10206 ||| ENCHANTING +0 pair of gloves.
 10219 | D:9      | Noticed a two-headed ogre
 10223 | D:9      | 10223 ||| INVOKING Berserk.
 10227 | D:9      | Killed a two-headed ogre
 10228 | D:9      | Reached skill level 14 in Axes
 10388 | D:9      | Reached ***** piety under Trog
 10404 | D:9      | 10404 ||| INVOKING Berserk.
 10410 | D:9      | 10410 ||| Stepping ~*~*~tactically~*~*~ (cloud).
 10557 | D:9      | Found Isaed's Book Shop.
 10626 | D:9      | Found Wemoeb's Distillery.
 10629 | D:9      | 10629 ||| BUYING potion of curing (39 gold).
 10629 | D:9      | Bought a potion of curing for 39 gold pieces
 10629 | D:9      | 10629 ||| BUYING potion of curing (39 gold).
 10629 | D:9      | Bought a potion of curing for 39 gold pieces
 10629 | D:9      | 10629 ||| BUYING potion of might (52 gold).
 10629 | D:9      | Bought a potion of might for 52 gold pieces
 10629 | D:9      | 10629 ||| BUYING potion of resistance (130 gold).
 10629 | D:9      | Bought a potion of resistance for 130 gold pieces
 10730 | D:9      | Found Kinerass's Weapon Boutique.
 10747 | D:9      | 10747 ||| Stepping ~*~*~tactically~*~*~ (stealth).
 10749 | D:9      | 10749 ||| Stepping ~*~*~tactically~*~*~ (stealth).
 10752 | D:9      | Reached skill level 3 in Dodging
 10758 | D:9      | 10758 ||| Stepping ~*~*~tactically~*~*~ (stealth).
 10900 | D:9      | Found a staircase to the Lair.
 10904 | D:9      | 10904 ||| INVOKING Berserk.
 11118 | D:9      | 11118 ||| Stepping ~*~*~tactically~*~*~ (stealth).
 11161 | D:9      | Identified the +0 robe of the Dropbear {-Tele Harm Slay+2}
 11206 | D:9      | 11206 ||| Stepping ~*~*~tactically~*~*~ (hiding).
 11314 | D:9      | 11314 ||| READING scroll of enchant weapon.
 11314 | D:9      | 11314 ||| ENCHANTING +0 vampiric war axe.
 11319 | D:9      | 11319 ||| PLANNING LAIR
 11319 | D:9      | 11319 ||| READING 7 scrolls of identify.
 11319 | D:9      | 11319 ||| IDENTIFYING murky inky potion
 11381 | Lair:1   | Entered Level 1 of the Lair of Beasts
 11487 | Lair:1   | Noticed an elephant
 11487 | Lair:1   | Noticed an elephant
 11488 | Lair:1   | Noticed an elephant
 11491 | Lair:1   | Noticed an elephant
 11494 | Lair:1   | Killed an elephant
 11495 | Lair:1   | Reached XP level 11. HP: 95/95 MP: 10/10
 11507 | Lair:1   | Reached skill level 15 in Axes
 11723 | Lair:1   | Identified the +2 morningstar "Zumixiyrhi" {flame, rC+
                  | Str+4 Dex-5 SInv}
 11725 | Lair:1   | 11725 ||| DROPPING +0 morningstar.
 12049 | Lair:1   | 12049 ||| READING scroll labelled IGRYDU LIFEXEQO.
 12050 | Lair:1   | 12050 ||| READING scroll labelled CELUGH QOKH.
 12051 | Lair:1   | 12051 ||| READING 8 scrolls of teleportation.
 12093 | Lair:2   | Noticed Erica
 12094 | Lair:2   | 12094 ||| STAIRDANCE
 12096 | Lair:1   | 12096 ||| INVOKING Brothers in Arms.
 12097 | Lair:1   | 12097 ||| INVOKING Berserk.
 12102 | Lair:1   | Killed Erica
 12103 | Lair:1   | Reached skill level 9 in Fighting
 12210 | Lair:2   | 12210 ||| STAIRDANCE
 12216 | Lair:1   | 12216 ||| INVOKING Berserk.
 12335 | Lair:2   | 12335 ||| STAIRDANCE
 12337 | Lair:1   | 12337 ||| INVOKING Berserk.
 12546 | Lair:2   | 12546 ||| INVOKING Berserk.
 12678 | Lair:2   | 12678 ||| Stepping ~*~*~tactically~*~*~ (stealth).
 12736 | Lair:2   | 12736 ||| Stepping ~*~*~tactically~*~*~ (hiding).
 12752 | Lair:2   | Reached skill level 16 in Axes
 12847 | Lair:2   | Found a staircase to the Snake Pit.
 12855 | Lair:2   | 12855 ||| Stepping ~*~*~tactically~*~*~ (stealth).
 12882 | Lair:2   | Found a staircase to the Swamp.
 12956 | Lair:2   | 12956 ||| Stepping ~*~*~tactically~*~*~ (stealth).
 12958 | Lair:2   | 12958 ||| Stepping ~*~*~tactically~*~*~ (stealth).
 12960 | Lair:2   | 12960 ||| Stepping ~*~*~tactically~*~*~ (stealth).
 12964 | Lair:2   | 12964 ||| Stepping ~*~*~tactically~*~*~ (stealth).
 13000 | Lair:2   | 13000 ||| READING scroll of enchant weapon.
 13000 | Lair:2   | 13000 ||| ENCHANTING +1 vampiric war axe.
 13041 | Lair:2   | Noticed Nergalle
 13053 | Lair:2   | Killed Nergalle
 13095 | Lair:2   | 13095 ||| Stepping ~*~*~tactically~*~*~ (hiding).
 13101 | Lair:2   | Reached XP level 12. HP: 108/108 MP: 11/11
 13231 | Lair:2   | Noticed an eight-headed hydra
 13232 | Lair:2   | 13232 ||| Stepping ~*~*~tactically~*~*~ (stealth).
 13233 | Lair:2   | 13233 ||| Stepping ~*~*~tactically~*~*~ (stealth).
 13234 | Lair:2   | 13234 ||| INVOKING Brothers in Arms.
 13237 | Lair:2   | 13237 ||| SWAPPING to +2 morningstar "Zumixiyrhi" {flame,
                  | rC+ Str+4 Dex-5 SInv}.
 13239 | Lair:2   | 13239 ||| INVOKING Berserk.
 13242 | Lair:2   | Killed an eight-headed hydra
 13304 | Lair:2   | 13304 ||| SWAPPING to +2 vampiric war axe.
 13572 | Lair:2   | 13572 ||| READING scroll labelled FAKKUA NUDE.
 13600 | Lair:3   | Noticed a death yak
 13601 | Lair:3   | 13601 ||| FLEEEEING.
 13602 | Lair:3   | 13602 ||| FLEEEEING.
 13603 | Lair:3   | 13603 ||| FLEEEEING.
 13604 | Lair:3   | 13604 ||| FLEEEEING.
 13605 | Lair:3   | 13605 ||| FLEEEEING.
 13606 | Lair:3   | 13606 ||| STAIRDANCE
 13610 | Lair:3   | 13610 ||| STAIRDANCE
 13612 | Lair:2   | 13612 ||| INVOKING Berserk.
 13617 | Lair:2   | Killed a death yak
 13746 | Lair:3   | 13746 ||| INVOKING Berserk.
 13753 | Lair:3   | 13753 ||| STAIRDANCE
 13873 | Lair:3   | Noticed a six-headed hydra
 13874 | Lair:3   | 13874 ||| INVOKING Brothers in Arms.
 13875 | Lair:3   | Noticed a death yak
 13876 | Lair:3   | 13876 ||| SWAPPING to +2 morningstar "Zumixiyrhi" {flame,
                  | rC+ Str+4 Dex-5 SInv}.
 13877 | Lair:3   | 13877 ||| INVOKING Berserk.
 13880 | Lair:3   | Killed a six-headed hydra
 13881 | Lair:3   | Reached skill level 12 in Shields
 13885 | Lair:3   | Killed a death yak
 13959 | Lair:3   | 13959 ||| SWAPPING to +2 vampiric war axe.
 14163 | Lair:3   | Reached skill level 9 in Armour
 14307 | Lair:3   | Reached skill level 12 in Fighting
 14317 | Lair:3   | 14317 ||| Stepping ~*~*~tactically~*~*~ (stealth).
 14329 | Lair:3   | 14329 ||| Stepping ~*~*~tactically~*~*~ (hiding).
 14358 | Lair:3   | Noticed a six-headed hydra
 14359 | Lair:3   | 14359 ||| Stepping ~*~*~tactically~*~*~ (hiding).
 14361 | Lair:3   | 14361 ||| INVOKING Brothers in Arms.
 14362 | Lair:3   | 14362 ||| INVOKING Brothers in Arms.
 14363 | Lair:3   | 14363 ||| SWAPPING to +2 morningstar "Zumixiyrhi" {flame,
                  | rC+ Str+4 Dex-5 SInv}.
 14364 | Lair:3   | 14364 ||| INVOKING Berserk.
 14366 | Lair:3   | Killed a six-headed hydra
 14460 | Lair:3   | 14460 ||| SWAPPING to +2 vampiric war axe.
 14507 | Lair:3   | Noticed a boulder beetle
 14511 | Lair:3   | 14511 ||| INVOKING Berserk.
 14519 | Lair:3   | Killed a boulder beetle
 14606 | Lair:3   | 14606 ||| FLEEEEING.
 14607 | Lair:3   | 14607 ||| FLEEEEING.
 14618 | Lair:3   | 14618 ||| FLEEEEING.
 14619 | Lair:3   | 14619 ||| FLEEEEING.
 14620 | Lair:3   | 14620 ||| FLEEEEING.
 14621 | Lair:3   | 14621 ||| FLEEEEING.
 14622 | Lair:3   | 14622 ||| FLEEEEING.
 14623 | Lair:3   | 14623 ||| FLEEEEING.
 14624 | Lair:3   | 14624 ||| FLEEEEING.
 14625 | Lair:3   | 14625 ||| FLEEEEING.
 14626 | Lair:3   | 14626 ||| FLEEEEING.
 14627 | Lair:3   | 14627 ||| FLEEEEING.
 14628 | Lair:3   | 14628 ||| FLEEEEING.
 14629 | Lair:3   | 14629 ||| FLEEEEING.
 14630 | Lair:3   | 14630 ||| FLEEEEING.
 14631 | Lair:3   | 14631 ||| FLEEEEING.
 14632 | Lair:3   | 14632 ||| FLEEEEING.
 14633 | Lair:3   | 14633 ||| FLEEEEING.
 14634 | Lair:3   | 14634 ||| FLEEEEING.
 14635 | Lair:3   | 14635 ||| FLEEEEING.
 14636 | Lair:3   | 14636 ||| FLEEEEING.
 14637 | Lair:3   | 14637 ||| FLEEEEING.
 14638 | Lair:3   | 14638 ||| FLEEEEING.
 14639 | Lair:3   | 14639 ||| FLEEEEING.
 14640 | Lair:3   | 14640 ||| STAIRDANCE
 14747 | Lair:2   | 14747 ||| UPGRADING to +4 ring of slaying {mikee}.
 14749 | Lair:2   | 14749 ||| DROPPING +6 ring of strength.
 14752 | Lair:3   | 14752 ||| INVOKING Berserk.
 14766 | Lair:3   | 14766 ||| STAIRDANCE
 14899 | Lair:3   | 14899 ||| Stepping ~*~*~tactically~*~*~ (hiding).
 15050 | Lair:3   | 15050 ||| Stepping ~*~*~tactically~*~*~ (stealth).
 15086 | Lair:3   | 15086 ||| Stepping ~*~*~tactically~*~*~ (stealth).
 15323 | Lair:3   | Reached XP level 13. HP: 122/122 MP: 12/12
 15353 | Lair:3   | 15353 ||| INVOKING Berserk.
 15380 | Lair:3   | 15380 ||| FLEEEEING.
 15391 | Lair:3   | 15391 ||| Stepping ~*~*~tactically~*~*~ (stealth).
 15510 | Lair:3   | 15510 ||| Stepping ~*~*~tactically~*~*~ (stealth).
 15511 | Lair:3   | 15511 ||| Stepping ~*~*~tactically~*~*~ (stealth).
 15512 | Lair:3   | 15512 ||| Stepping ~*~*~tactically~*~*~ (stealth).
 15588 | Lair:4   | Reached skill level 3 in Throwing
 15852 | Lair:4   | Noticed Nessos
 15869 | Lair:4   | 15869 ||| INVOKING Berserk.
 15870 | Lair:4   | Killed Nessos
 16122 | Lair:4   | 16122 ||| Stepping ~*~*~tactically~*~*~ (stealth).
 16123 | Lair:4   | 16123 ||| Stepping ~*~*~tactically~*~*~ (stealth).
 16125 | Lair:4   | 16125 ||| Stepping ~*~*~tactically~*~*~ (hiding).
 16127 | Lair:4   | 16127 ||| Stepping ~*~*~tactically~*~*~ (hiding).
 16232 | Lair:4   | 16232 ||| Stepping ~*~*~tactically~*~*~ (stealth).
 16237 | Lair:4   | 16237 ||| INVOKING Berserk.
 16264 | Lair:4   | Reached skill level 6 in Dodging
 16525 | Lair:4   | 16525 ||| INVOKING Berserk.
 16544 | Lair:4   | 16544 ||| INVOKING Brothers in Arms.
 16652 | Lair:4   | 16652 ||| READING scroll of acquirement.
 16652 | Lair:4   | 16652 ||| ACQUIRING +7 broad axe "Pioxum" {vorpal, +Blink
                  | Will- Str+5}
 16652 | Lair:4   | Acquired the +7 broad axe "Pioxum" {vorpal, +Blink Will-
                  | Str+5}
 16751 | Lair:4   | 16751 ||| READING scroll of acquirement.
 16751 | Lair:4   | 16751 ||| ACQUIRING +0 cloak of Moeryucvewk {Rampage Int+4}
 16751 | Lair:4   | Acquired the +0 cloak of Moeryucvewk {Rampage Int+4}
 16753 | Lair:4   | 16753 ||| UPGRADING to +0 cloak of Moeryucvewk {Rampage
                  | Int+4}.
 17117 | Lair:5   | Entered Level 5 of the Lair of Beasts
 17118 | Lair:5   | 17118 ||| INVOKING Brothers in Arms.
 17119 | Lair:5   | 17119 ||| INVOKING Brothers in Arms.
 17121 | Lair:5   | 17121 ||| SWAPPING to +2 morningstar "Zumixiyrhi" {flame,
                  | rC+ Str+4 Dex-5 SInv}.
 17122 | Lair:5   | 17122 ||| INVOKING Berserk.
 17130 | Lair:5   | 17130 ||| SWAPPING to +7 broad axe "Pioxum" {vorpal, +Blink
                  | Will- Str+5}.
 17133 | Lair:5   | 17133 ||| SWAPPING to +2 morningstar "Zumixiyrhi" {flame,
                  | rC+ Str+4 Dex-5 SInv}.
 17138 | Lair:5   | 17138 ||| INVOKING Brothers in Arms.
 17139 | Lair:5   | 17139 ||| INVOKING Brothers in Arms.
 17140 | Lair:5   | 17140 ||| INVOKING Brothers in Arms.
 17140 | Lair:5   | HP: 27/124 [six-headed hydra (6)]
 17141 | Lair:5   | 17141 ||| READING 10 scrolls of teleportation.
 17142 | Lair:5   | 17142 ||| DRINKING potion of heal wounds.
 17142 | Lair:5   | HP: 11/124 [six-headed hydra (12)]
 17142 | Lair:5   | HP: 5/124 [six-headed hydra (5)]
 17144 | Lair:5   | 17144 ||| SWAPPING to +7 broad axe "Pioxum" {vorpal, +Blink
                  | Will- Str+5}.
 17145 | Lair:5   | 17145 ||| READING 9 scrolls of teleportation.
 17149 | Lair:5   | 17149 ||| READING 8 scrolls of teleportation.
 17150 | Lair:5   | HP: 2/124 [yak (7)]
 17150 | Lair:5   | Mangled by a yak

Levels and vault maps discovered:
D:1:      heliophobic_arrival_dark_side_of_the_moon, layout_loops_corners
D:2:      layout_basic, ebering_ecumenical_altar_box, serial_shops,
          nicolae_shop_waterfront, minmay_tripent
D:3:      layout_basic, mainiacjoe_overflow_alcove_2
D:4:      layout_cave_pools, nicolae_ru_great_annihilating_truth,
          ebering_ghost_rock_garden, uniq_blork_the_orc,
          uniq_crazy_yiuf_cottage, uniq_eustachio, uniq_ijyb
D:5:      layout_basic, portal_sewer_entry_c, uniq_menkaure, uniq_sigmund
D:6:      minmay_cornered_nines, layout_basic, nicolae_hepliaklqana_hippocampus,
          minmay_temple_entry_glass, uniq_duvessa, uniq_edmund
D:7:      layout_basic, grunt_temple_overflow_open, serial_shops,
          nicolae_shop_waterfront, uniq_maggie
D:8:      layout_cave_pools, mainiacjoe_overflow_catch_the_wave
D:9:      layout_loops_ring, nicolae_tso_carved_into_rock,
          grunt_lair_entry_orc_guard_hut, serial_shops,
          nicolae_shop_statue_plus, nicolae_shop_temple_entry_statues_fountains,
          nicolae_shop_window_shopping, nicolae_shop_statue_plus,
          small_statue_intersection
Lair:1:   layout_chaotic_city, hangedman_lair_unloving_vines
Lair:2:   layout_roguey, swamp_mist, minmay_snake_entry_guardpost_medium,
          grunt_megastairs_3, uniq_nergalle, uniq_erica
Lair:3:   nzn_winding_woodlands_medium [nzn_winding_woodlands_hourglass,
          nzn_winding_woodlands_5x15_jagged,
          nzn_winding_woodlands_5x5_open_star,
          nzn_winding_woodlands_5x5_closed_star,
          nzn_winding_woodlands_center_garden,
          nzn_winding_woodlands_5x5_checkerboard,
          nzn_winding_woodlands_5x5_cross, nzn_winding_woodlands_5x15_crooked,
          nzn_winding_woodlands_5x5_default], layout_chaotic_city
Lair:4:   slaughterhouse, layout_hall_layers, infiniplex_staircase_pool,
          uniq_nessos
Lair:5:   evilmike_catoblepas_cave, layout_small_grid,
          dpeg_slime_entry_enclosed, nicolae_lair_yak_garden

Skill      XL: |  1  2  3  4  5  6  7  8  9 10 11 12 13 |
---------------+----------------------------------------+-----
Axes           | 4 5 6 7 9 10 13 14 16 | 16.6
Shields        | 1 2 3 5 10 11 13 14 | 14.0
Armour         | 5 7 8 9 11 | 11.0
Fighting       | 4 8 10 13 14 | 14.1
Throwing       | 1 2 4 |  4.2
Dodging        | 3 5 6 |  6.2

Action                   |  1- 3 |  4- 6 |  7- 9 | 10-12 | 13-15 || total
-------------------------+-------+-------+-------+-------+-------++-------
Melee: Hand axe          |   107 |    80 |       |       |       ||   187
       Headbutt          |    11 |     7 |    41 |    91 |    30 ||   180
       Punch             |     1 |       |       |       |       ||     1
       Unarmed           |       |    24 |       |       |       ||    24
       War axe           |       |       |   213 |   407 |   117 ||   737
       Morningstar       |       |       |       |    24 |     9 ||    33
       Broad axe         |       |       |       |       |     4 ||     4
Throw: Boomerang         |       |       |       |   102 |    35 ||   137
       Javelin           |       |       |       |       |     3 ||     3
Invok: Berserk           |       |     8 |    10 |    19 |     5 ||    42
       Brothers in Arms  |       |       |       |     4 |     3 ||     7
  Use: Scroll            |     4 |     3 |     6 |     9 |     5 ||    27
       Potion            |     3 |       |     3 |       |     1 ||     7
 Stab: Sleeping          |     1 |       |       |       |       ||     1
       Invisible         |       |       |     4 |       |       ||     4
       Paralysed         |       |       |     1 |       |       ||     1
Armor: Animal skin       |     4 |       |       |       |       ||     4
       Scale mail        |    19 |     3 |       |       |       ||    22
       Plate armour      |       |    45 |   130 |    58 |       ||   233
       Chain mail        |       |       |       |   114 |    84 ||   198
Dodge: Dodged            |    50 |    33 |    62 |   106 |    49 ||   300
Block: Buckler           |    15 |    19 |    45 |       |       ||    79
       Kite shield       |       |       |    10 |   169 |    71 ||   250

Table legend:
 A = Non-vault XP
 B = Vault XP
 C = Vault XP percentage of total XP
 D = Non-vault monster count
 E = Vault monster count
 F = Vault count percentage of total count
                 A         B        C        D         E       F
            +---------+---------+-------+---------+---------+-------
      Total |   36675 |   22083 |  37.6 |     317 |      97 |  23.4
            +---------+---------+-------+---------+---------+-------
        D:1 |      36 |       0 |   0.0 |      18 |       0 |   0.0
        D:2 |      34 |       3 |   8.1 |      15 |       2 |  11.8
        D:3 |     131 |     202 |  60.7 |      30 |       1 |   3.2
        D:4 |     344 |     127 |  27.0 |      17 |       6 |  26.1
        D:5 |    1505 |     422 |  21.9 |      18 |       9 |  33.3
        D:6 |    1111 |    1426 |  56.2 |      19 |       6 |  24.0
        D:7 |     885 |     398 |  31.0 |      27 |       1 |   3.6
        D:8 |    1101 |       0 |   0.0 |      26 |       0 |   0.0
        D:9 |    2669 |     409 |  13.3 |      38 |       4 |   9.5
     Lair:1 |    2565 |    1176 |  31.4 |       9 |       2 |  18.2
     Lair:2 |    8599 |    1415 |  14.1 |      36 |       5 |  12.2
     Lair:3 |    7802 |    7043 |  47.4 |      30 |      17 |  36.2
     Lair:4 |    5200 |    9298 |  64.1 |      21 |      28 |  57.1
     Lair:5 |    4693 |       0 |   0.0 |      13 |       0 |   0.0
      Sewer |       0 |     164 | 100.0 |       0 |      16 | 100.0
            +---------+---------+-------+---------+---------+-------
